 Dungeon Crawl Stone Soup version 0.27-a0-287-gd4424db430 (webtiles) character file.

Game seed: 14296261329981032114

44 vurker the Sneak (level 3, 0/18 HPs)
             Began as a Vine Stalker Enchanter on Feb 8, 2021.
             Succumbed to an adder's poison
             ... on level 2 of the Dungeon.
             The game lasted 00:01:31 (1554 turns).

vurker the Sneak (Vine Stalker Enchanter)           Turns: 1554, Time: 00:01:32

Health: 0/18       AC:  6    Str: 11    XL:     3   Next: 62%
Magic:  6/7        EV: 10    Int: 15    God:
Gold:   48         SH:  0    Dex: 14    Spells: 5/6 levels left

rFire    . . .     SeeInvis .     - Unarmed
rCold    . . .     Faith    .   (no shield)
rNeg     . . .     Spirit   +   g - +0 ring mail
rPois    .         Reflect  .   (no helmet)
rElec    .         Harm     .   (no cloak)
rCorr    .         Rampage  .   (no gloves)
Will     .....                  c - +0 pair of boots (curse)
Stlth    ++........             (no amulet)
HPRegen  0.06/turn              (no ring)
MPRegen  0.10/turn              (no ring)

@: lethally poisoned (0 -> -3)
A: fangs 2, magic shield, antimagic bite, no potion heal 3
a: no special abilities


You were on level 2 of the Dungeon.
You visited 1 branch of the dungeon, and saw 2 of its levels.

You collected 48 gold pieces.

Inventory:

Armour
 c - a cursed +0 pair of boots (worn)
   (You found it on level 1 of the Dungeon)
 g - a +0 ring mail (worn)
   (You found it on level 1 of the Dungeon)
Scrolls
 a - a scroll of blinking {unknown}
 d - a scroll of noise {unknown}
 f - 2 scrolls of teleportation {unknown}
Potions
 e - 2 potions of heal wounds


   Skills:
 + Level 1.9 Fighting
 - Level 0.8 Short Blades
 - Level 1.5 Dodging
 - Level 3.6 Stealth
 + Level 2.1 Unarmed Combat
 - Level 2.1 Spellcasting
 - Level 3.0 Hexes


You had 5 spell levels left.
You knew the following spells:

 Your Spells              Type           Power        Failure   Level
a - Corona                Hex            11%          16%         1

Your spell library contained the following spells:

 Spells                   Type           Power        Failure   Level
 Ensorcelled Hibernation  Hex/Ice        12%          41%         2
 Confusing Touch          Hex            10%          43%         3
 Tukima's Dance           Hex            10%          43%         3
 Dazzling Flash           Conj/Hex       12%          65%         3


Dungeon Overview and Level Annotations

Branches:
Dungeon (2/15)

Altars:


Innate Abilities, Weirdness & Mutations

You have extremely sharp teeth.
When hurt, damage is shared between your health and your magic reserves.
Your bite disrupts and absorbs the magic of your enemies.
Potions cannot restore your health.


Message History

You closely miss the kobold. You bite the kobold, but do no damage.
The kobold hits you but does no damage.
You barely miss the kobold. Your bite misses the kobold.
You barely miss the adder. The adder closely misses you. The kobold misses you.
The adder bites you.
You are poisoned.
The adder poisons you!
You miss the adder.
You feel sick. The kobold misses you. The adder bites you.
You closely miss the adder. You bite the adder. You drain its power.
You feel invigorated. The kobold hits you but does no damage.
The adder bites you but does no damage.
You closely miss the adder.
You feel sick. The adder barely misses you. The kobold closely misses you.
You hit the adder. The adder bites you. The kobold hits you but does no damage.
You hit the adder but do no damage. Your bite misses the adder.
The adder bites you but does no damage. The kobold hits you but does no damage.
The adder closely misses you.
You hit the adder. The kobold barely misses you. The adder bites you.
You are more poisoned.
The adder poisons you!
You barely miss the adder.
You feel sick. The adder closely misses you. The kobold closely misses you.
You miss the adder.
You feel sick. The adder bites you but does no damage.
The kobold hits you but does no damage.
You hit the adder. The adder barely misses you. The kobold closely misses you.
The adder bites you but does no damage.
You hit the adder.
You kill the adder!
You feel sick. The kobold hits you.
* * * LOW HITPOINT WARNING * * *
Your Unarmed Combat skill increases to level 2!
You hit the kobold but do no damage. The kobold hits you.
* * * LOW HITPOINT WARNING * * *
You miss the kobold. Your bite misses the kobold.
* * * LOW HITPOINT WARNING * * *
You feel sick. The kobold hits you but does no damage.
You hit the kobold.
You kill the kobold!
It was a potion of heal wounds.
That seemed strangely inert.
* * * LOW HITPOINT WARNING * * *
You feel sick.
* * * LOW HITPOINT WARNING * * *
You feel sick.
* * * LOW HITPOINT WARNING * * *
You feel sick.
* * * LOW HITPOINT WARNING * * *
You feel sick.
* * * LOW HITPOINT WARNING * * *
You feel sick.
You die...

#######
####.....#########
.................#
...♣♣♣...#######.#
♣.♣ #♣..# #.# ♣.♣
♣..# #.# ♣.♣# #♣..#
#.#
...♣♣♣...#######@#
..................#
...♣♣♣.....†.###....
♣)♣#
#♣..............>
♣.♣
♣..........)###.#
♣.♣# ♣...........# #
...♣♣ ..........#.#
....♣....###.##.#..
...♣♣♣...# .# .#


There were no monsters in sight!

Vanquished Creatures
  An adder (D:2)
  A dart slug (D:2)
  A leopard gecko (D:1)
  2 giant cockroaches
  4 hobgoblins
  7 jackals (D:1)
  7 bats (D:1)
  3 goblins (D:1)
  2 kobolds
  A rat (D:1)
29 creatures vanquished.

Notes
Turn   | Place    | Note
-------+----------+-------------------------------------------
     0 | D:1      | vurker the Vine Stalker Enchanter began the quest for the
                  | Orb.
     0 | D:1      | Reached XP level 1. HP: 9/9 MP: 4/4
   328 | D:1      | Reached skill level 1 in Unarmed Combat
   328 | D:1      | Reached XP level 2. HP: 5/14 MP: 1/6
   332 | D:1      | Reached skill level 1 in Fighting
   947 | D:1      | Reached XP level 3. HP: 8/18 MP: 4/7
  1554 | D:2      | Succumbed to an adder's poison

Illustrated notes

Levels and vault maps discovered:
D:1:      dpeg_arrival_solitude, layout_loops_ring
D:2:      layout_basic, grunt_dithmenos_smoke_and_mirrors,
          minmay_stone_trees_large

Skill      XL: |  1  2  3 |
---------------+----------+-----
Unarmed Combat | 1 2 |  2.1
Fighting       | 1 |  1.9
Short Blades   | |  0.8
Dodging        | |  1.5
Stealth        | |  3.6
Spellcasting   | |  2.1
Hexes          | |  3.0

Action                   || total
-------------------------++-------
Melee: Unarmed           ||   141
       Bite              ||    30
  Use: Potion            ||     1
 Stab: Sleeping          ||     3
Armor: Robe              ||    30
       Ring mail         ||    23
Dodge: Dodged            ||   117

Table legend: (Time is in decaauts)
 A = Elapsed time spent in this place.
 B = Non-inter-level travel time spent in this place.
 C = Inter-level travel time spent in this place.
 D = Time resting spent in this place.
 E = Time spent auto-exploring this place.
 F = Levels seen in this place.
 G = Mean time per level.
                   A        B        C        D        E       F      G
               +--------+--------+--------+--------+--------+-----+--------+
         Total |   1549 |   1541 |      8 |      0 |   1254 |   2 |  774.5 |
       Dungeon |   1549 |   1541 |      8 |      0 |   1254 |   2 |  774.5 |
               +--------+--------+--------+--------+--------+-----+--------+

Top non-repeatable levels by time:
     D:1: 1359 daAuts
     D:2: 190 daAuts
